AoeStats
← AxD | Cad Bane

Arabia

509229995Analyzed
4v4 RM · 6d ago on Sep 26, 2026· 27m 1s· 8 players
Game mode
Random Map
Map size
Large (8 player)
Population
200
Speed
Normal
Resources
Standard
Victory
Conquest
Starting age
Dark Age
Ending age
Imperial Age
RankedLock teamsTeams togetherTeam positionsShared explorationLock speedFull tech treeHidden civsTurbo modeCheats
Victory
Defeat
🇸🇻 Persians · El Salvador
1591
+15
🇦🇷 Britons · Argentina
1557
+16
🇨🇱 Varangians · Chile
1550
+16
1477
+20
🇹🇼 Maya · Taiwan
1578
-18
🇵🇹 Persians · Portugal
1578
-18
🇨🇴 Varangians · Colombia
1544
-16
🇧🇷 Britons · Brazil
1521
-15
AxD | Kurumi 002
6:31 Loom
9:37 Feudal Age
10:09 Double-Bit Axe
15:52 Scale Barding Armor
19:37 Forging
19:09 Horse Collar
24:38 Castle Age
23:11 Bloodlines
24:07 Gold Mining
25:30 Chain Barding Armor
25:54 Iron Casting
26:28 Bow Saw
AxD | Keiokenkun-Uno-Puro
1:19 Loom
9:55 Feudal Age
10:41 Double-Bit Axe
14:00 Fletching
18:32 Gold Mining
23:48 Castle Age
23:20 Padded Archer Armor
23:40 Horse Collar
23:51 Crossbowman
24:26 Bodkin Arrow
AxD | Cad Bane
6:11 Loom
9:14 Feudal Age
9:46 Double-Bit Axe
17:47 Scale Barding Armor
18:32 Wheelbarrow
19:05 Bloodlines
22:45 Castle Age
21:50 Horse Collar
22:41 Gold Mining
22:59 Light Cavalry
23:54 Bow Saw
24:37 Chain Barding Armor
24:28 Forging
25:19 Husbandry
26:21 Heavy Plow
Cronos
6:37 Loom
9:11 Feudal Age
11:33 Double-Bit Axe
14:08 Fletching
15:45 Padded Archer Armor
16:40 Horse Collar
20:20 Wheelbarrow
25:46 Castle Age
26:03 Crossbowman
26:40 Bodkin Arrow
Ux'LeonzAoe
5:32 Loom
8:50 Feudal Age
9:30 Double-Bit Axe
9:54 Horse Collar
10:57 Bloodlines
17:13 Scale Barding Armor
18:37 Forging
19:56 Wheelbarrow
23:38 Castle Age
22:39 Gold Mining
24:22 Husbandry
24:45 Chain Barding Armor
24:44 Bow Saw
26:46 Heavy Plow
GAX | Gabasco
5:29 Loom
9:14 Feudal Age
8:31 Loom
9:48 Double-Bit Axe
17:00 Fletching
17:45 Padded Archer Armor
26:11 Castle Age
25:02 Gold Mining
Santoryu
5:46 Loom
8:24 Feudal Age
9:21 Double-Bit Axe
16:58 Scale Barding Armor
18:20 Wheelbarrow
18:34 Scale Barding Armor
19:30 Forging
沒起房子我日
0:28 Loom
9:37 Feudal Age
10:22 Double-Bit Axe
13:13 Fletching
17:26 Padded Archer Armor
Connection lost

Rejoining the realm…

Still unreachable

The connection could not be restored.

Session expired

The server has moved on; the page needs a fresh start.